 Dungeon Crawl Stone Soup version 0.18.1-48-g4cf74bf (webtiles) character file.

158 tyranidshit the Grave Robber (level 5, -2/49 HPs)
             Began as a Deep Dwarf Necromancer on July 11, 2016.
             Slain by Sigmund
             ... wielding a +0 scythe
              (20 damage)
             ... on level 3 of the Dungeon.
             The game lasted 00:11:42 (1836 turns).

tyranidshit the Grave Robber (DDNe)                 Turns: 1836, Time: 00:11:43

Health: -2/49      AC:  2    Str: 12    XL:     5   Next: 16%
Magic:  2/9        EV: 11    Int: 16    God:
Gold:   153        SH:  3    Dex: 13    Spells: 2 memorised, 6 levels left

rFire  . . .     SeeInvis .     o - +0 flail
rCold  . . .     Gourm    .     a - +0 robe
rNeg   . . .     Faith    .     f - +0 buckler
rPois  .         Spirit   .     (no helmet)
rElec  .         Dismiss  .     (no cloak)
rCorr  .         Reflect  .     (no gloves)
SustAt .         Harm     .     (no boots)
MR     .....                    (no amulet)
Stlth  ++........               (no ring)
                                (no ring)

@: non-regenerating, not resistant to hostile enchantments, unstealthy
A: damage resistance, recharge devices, sense surroundings 1, slow regeneration
3
a: Device Recharging


You were on level 3 of the Dungeon.
You were not hungry.

You visited 1 branch of the dungeon, and saw 3 of its levels.

You collected 153 gold pieces.

Inventory:

Hand Weapons
 g - a +0 mace
 m - a +2 dagger of venom
 o - a +0 flail (weapon)
Missiles
 q - 34 poisoned needles
Armour
 a - a +0 robe (worn)
 f - a +0 buckler (worn)
Wands
 c - a wand of heal wounds (4/9)
Scrolls
 i - 3 scrolls of identify
Potions
 e - a potion of berserk rage
 l - a potion of lignification
Books
 b - a book of Necromancy

   Spells                             Type                      Level
   a - Pain                           Necromancy                   1
   b - Animate Skeleton               Necromancy                   1
   c - Vampiric Draining              Necromancy                   3
   d - Regeneration                   Charms/Necromancy            3
   e - Animate Dead                   Necromancy                   4
   f - Control Undead                 Necromancy                   4
Comestibles
 d - 2 bread rations
 k - a royal jelly
 n - a beef jerky


   Skills:
 + Level 3.2 Fighting
 - Level 2.1 Dodging
 - Level 2.4 Stealth
 + Level 3.2 Spellcasting
 - Level 4.3 Necromancy


You had 6 spell levels left.
You knew the following spells:

 Your Spells              Type           Power        Failure   Level  Hunger
a - Pain                  Necr           ###.         6%          1    None
b - Vampiric Draining     Necr           ###.......   17%         3    ###....


Dungeon Overview and Level Annotations

Branches:
Dungeon (3/15)

Altars:
Dithmenos
Ru
Vehumet
Yredelemnul

Annotations:
D:3 Sigmund


Innate Abilities, Weirdness & Mutations

You are resistant to damage.
You can recharge devices by infusing magical energy.
You passively map a small area around you.
You do not regenerate naturally.


Message History

Confirm with . or Enter, or press ? or * to list all spells.
Aiming: Vampiric Draining
Press: ? - help, Shift-Dir - straight line, f - adder
Aim: an adder The adder is severely wounded.
You feel life coursing into your body. The adder bites you. Something hits you!
Casting: Vampiric Draining
Confirm with . or Enter, or press ? or * to list all spells.
Aiming: Pain
Press: ? - help, Shift-Dir - straight line, f/p - adder
Aim: an adder (severely wounded, chance to defeat MR: 81%)
The adder convulses in agony!
You kill the adder!
A magic dart appears from out of thin air!
The magic dart hits you!
You are no longer poisoned.
Something tries to affect you, but you resist.
Something hits you.
You barely miss something. Something hits you!!
You die...

#.{...# , * ,
#####.# * * * #.#
** #.# , * #.# * *
# #.# ## #.# * .
#.# , * ##### #@#
,..... #.# ** ##.
#.# #.. #.# ##.
#.# ##
#.################
#..............)..
#.....############
##....#


There were no monsters in sight!

Vanquished Creatures
  A giant frog skeleton (D:3)
  Jessica (D:2)
  2 adders
  An ooze (D:1)
  3 worms
  A dart slug (D:1)
  3 giant geckos
  An orc (D:3)
  3 ball pythons (D:2)
  8 bats
  2 giant cockroaches
  9 hobgoblins
  8 jackals
  5 giant newts
  7 goblins
  5 kobolds
  5 rats
65 creatures vanquished.

Notes
Turn   | Place    | Note
--------------------------------------------------------------
     0 | D:1      | tyranidshit the Deep Dwarf Necromancer began the quest for the Orb.
     0 | D:1      | Reached XP level 1. HP: 15/15 MP: 3/3
   295 | D:1      | Reached XP level 2. HP: 15/24 MP: 3/5
   298 | D:1      | Reached skill level 1 in Fighting
   580 | D:2      | Reached XP level 3. HP: 32/32 MP: 0/6
   643 | D:2      | Noticed Jessica
   653 | D:2      | Killed Jessica
   653 | D:2      | Reached XP level 4. HP: 31/40 MP: 0/8
   757 | D:2      | Found a faded altar to an unknown god.
   797 | D:2      | Learned a level 3 spell: Vampiric Draining
  1596 | D:3      | Reached XP level 5. HP: 49/49 MP: 9/9
  1672 | D:3      | Found a shadowy altar of Dithmenos.
  1673 | D:3      | Found a radiant altar of Vehumet.
  1769 | D:3      | Found a sacrificial altar of Ru.
  1769 | D:3      | Noticed Sigmund
  1770 | D:3      | Found a basalt altar of Yredelemnul.
  1836 | D:3      | Slain by Sigmund

Skill      XL: |  1  2  3  4 |
---------------+-------------+-----
Spellcasting   | 2 3 |  3.2
Fighting       | 1 2 3 |  3.2
Dodging        | |  2.1
Stealth        | |  2.4
Necromancy     | |  4.3

Action                   |  1- 3 |  4- 6 || total
-------------------------+-------+-------++-------
Melee: Mace              |    22 |    18 ||    40
       Unarmed           |     1 |       ||     1
       Club              |       |    29 ||    29
       Flail             |       |    43 ||    43
 Cast: Pain              |    39 |    12 ||    51
       Vampiric Draining |       |    15 ||    15
Evoke: Wand              |     2 |     2 ||     4
  Use: Scroll            |     5 |     2 ||     7
       Potion            |       |     5 ||     5
 Stab: Sleeping          |     2 |     3 ||     5
       Invisible         |       |     1 ||     1
  Eat: Bread ration      |       |     2 ||     2
Armor: Robe              |    23 |    20 ||    43
Dodge: Dodged            |    53 |    85 ||   138
Block: Buckler           |       |    16 ||    16
